 Dungeon Crawl Stone Soup version 0.28.0 (webtiles) character file.

Game seed: 2748189437749543249

34 Krehm the Stinger (level 3, 0/26 HPs)
             Began as a Merfolk Venom Mage on Feb 17, 2022.
             Succumbed to an adder's poison
             ... on level 2 of the Dungeon.
             The game lasted 00:04:31 (1761 turns).

Krehm the Stinger (Merfolk Venom Mage)              Turns: 1761, Time: 00:04:31

Health: 0/26       AC:  2    Str:  8    XL:     3   Next: 31%
Magic:  2/6        EV: 12    Int: 16    God:
Gold:   59         SH:  0    Dex: 14    Spells: 1/7 levels left

rFire   . . .      SeeInvis .   h - staff of conjuration
rCold   . . .      Faith    .   (no shield)
rNeg    . . .      Spirit   .   a - +0 robe
rPois   .          Reflect  .   (no helmet)
rElec   .          Harm     .   (no cloak)
rCorr   .          Rampage  .   (no gloves)
Will    .....                   (no boots)
Stlth   ++........              (no amulet)
HPRegen 0.08/turn               (no ring)
MPRegen 0.10/turn               (no ring)

@: brilliant, lethally poisoned (0 -> -4)
A: (nimble swimmer 2), mertail
a: no special abilities


You were on level 2 of the Dungeon.
You visited 1 branch of the dungeon, and saw 2 of its levels.

You collected 59 gold pieces.

Inventory:

Hand Weapons
 c - a +0 dagger
Missiles
 b - 61 stones
Armour
 a - a +0 robe (worn)
Magical Staves
 h - a staff of conjuration (weapon)
Scrolls
 d - a scroll of vulnerability {unknown}
 e - a scroll of teleportation {unknown}
 f - a scroll of blinking {unknown}
 i - a scroll of identify {unknown}


   Skills:
 + Level 1.5 Fighting
 - Level 2.6 Dodging
 - Level 2.1 Stealth
 + Level 2.5 Spellcasting
 + Level 0.1 Conjurations
 - Level 1.3 Transmutations
 + Level 3.7 Poison Magic
 + Level 0.2 Evocations


You had one spell level left.
You knew the following spells:

 Your Spells              Type           Power      Damage    Failure   Level
a - Sting                 Tmut/Pois      60%        1d6       7%          1
b - Poisonous Vapours     Pois/Air       24%        N/A       14%         2
c - Mephitic Cloud        Conj/Pois/Air  13%        N/A       34%         3

Your spell library contained the following spells:

 Spells                   Type           Power      Damage    Failure   Level
 Olgreb's Toxic Radiance  Pois           21%        N/A       38%         4


Dungeon Overview and Level Annotations

Branches:
Dungeon (2/15)

Altars:

Annotations:
D:2 exclusion: adder


Innate Abilities, Weirdness & Mutations

((You are very nimble when in or above water. (Stealth+, EV+, Speed+++)))
Your lower body shifts to a powerful aquatic tail in water.


Message History

Casting: Sting (safe; 7% risk of failure)
Confirm with . or Enter, or press ? or * to list all spells.
Aiming: Sting (safe; 7% risk of failure)
Press: ? - help, Shift-Dir - straight line, f/p - adder
Aim: an adder (53% to hit)
The sting misses the adder.
The adder misses you. The adder bites you.
You are poisoned.
The adder poisons you!
Casting: Sting (safe; 7% risk of failure)
Confirm with . or Enter, or press ? or * to list all spells.
Aiming: Sting (safe; 7% risk of failure)
Press: ? - help, Shift-Dir - straight line, f/p - adder
Aim: an adder (53% to hit)
The sting hits the adder.
The adder is poisoned.
The adder is lightly wounded.
You feel sick. The adder bites you.
You closely miss the adder.
The adder is moderately wounded.
You feel sick.
The adder bites you but does no damage. x2
You barely miss the adder.
The adder is severely wounded.
You feel sick. The adder bites you.
You hit the adder but do no damage.
The adder is severely wounded.
You feel sick. The adder bites you.
* * * LOW HITPOINT WARNING * * *
You are lethally poisoned!
The adder poisons you! The adder barely misses you.
You miss the adder.
The adder is almost dead.
* * * LOW HITPOINT WARNING * * *
You feel sick.
The adder looks more healthy.
The adder bites you.
* * * LOW HITPOINT WARNING * * *
It was a potion of brilliance.
You feel clever all of a sudden.
* * * LOW HITPOINT WARNING * * *
You feel sick.
The adder bites you but does no damage. x2
You barely miss the adder.
The adder is almost dead.
You die...

#.#######
#.S.....# ### #.#
..### #.# #... #.#
#..# #S# #..# #@#
#..# #.####..#
#.......#
######.###########
#....†.......
#############


You could see an adder.

Vanquished Creatures
  2 ball pythons (D:1)
  3 endoplasms (D:1)
  2 giant cockroaches
  3 goblins
  4 hobgoblins (D:1)
  2 jackals (D:1)
  6 kobolds (D:1)
  A quokka (D:1)
  A bat (D:1)
  4 frilled lizards (D:1)
  2 rats
30 creatures vanquished.

Notes
Turn   | Place    | Note
-------+----------+-------------------------------------------
     0 | D:1      | Krehm the Merfolk Venom Mage began the quest for the Orb.
     0 | D:1      | Reached XP level 1. HP: 13/13 MP: 3/3
   430 | D:1      | Found a faded altar of an unknown god.
   446 | D:1      | Reached XP level 2. HP: 20/20 MP: 0/5
   449 | D:1      | Learned a level 2 spell: Poisonous Vapours
   573 | D:1      | Reached skill level 1 in Fighting
   890 | D:1      | Reached XP level 3. HP: 26/26 MP: 4/6
   894 | D:1      | Learned a level 3 spell: Mephitic Cloud
  1761 | D:2      | Succumbed to an adder's poison

Illustrated notes

Levels and vault maps discovered:
D:1:      erik_arrival_blinker_ship, layout_basic,
          ebering_ecumenical_altar_hall, kennysheep_another_room
D:2:      kennysheep_the_goblin_king, layout_loops_ring, basic_altar

Skill      XL: |  1  2 |
---------------+-------+-----
Fighting       | 1 |  1.5
Dodging        | |  2.6
Stealth        | |  2.1
Spellcasting   | |  2.5
Conjurations   | |  0.1
Transmutations | |  1.3
Poison Magic   | |  3.7
Evocations     | |  0.2

Action                   || total
-------------------------++-------
Melee: Dagger            ||    43
       Unarmed           ||     3
       Punch             ||     1
       Staff             ||     8
 Cast: Sting             ||    41
  Use: Potion            ||     1
 Stab: Sleeping          ||     4
Armor: Robe              ||    12
Dodge: Dodged            ||    41
